 Dungeon Crawl Stone Soup version 0.18-a0-824-g47fe746 (webtiles) character file.

139 JokEr the Insei (level 5, -4/36 HPs)
             Began as an Octopode Transmuter on Dec 17, 2015.
             Slain by root's ghost (14 damage)
             ... on level 4 of the Dungeon.
             The game lasted 00:05:39 (3290 turns).

JokEr the Insei (Octopode Transmuter)               Turns: 3290, Time: 00:05:39

Health: -4/36      AC:  1    Str:  9    XL:     5   Next: 22%
Magic:  8/8        EV: 12    Int: 17    God:
Gold:   160        SH:  2    Dex: 12    Spells: 2 memorised, 3 levels left

rFire  . . .     SeeInvis .       - Unarmed
rCold  . . .     Gourm    .     (no shield)
rNeg   . . .     Faith    .     (helmet restricted)
rPois  .         Spirit   .     e - +2 amulet of reflection
rElec  .         Dismiss  .     (no ring)
rCorr  .         Reflect  +     (no ring)
SustAt .         Harm     .     (no ring)
MR     .....                    (no ring)
Stlth  ++........               (no ring)
                                (no ring)
                                (no ring)
                                (no ring)

@: appendage, not resistant to hostile enchantments, unstealthy
A: almost no armour, amphibious, 8 rings, constrict 8, tentacle spike 3,
camouflage 1, gelatinous body 1
a: End Transformation


You were on level 4 of the Dungeon.
You were not hungry.
One of your tentacles had a temporary spike.
You visited 1 branch of the dungeon, and saw 4 of its levels.

You collected 160 gold pieces.

Inventory:

Missiles
 a - 12 arrows
Jewellery
 e - a +2 amulet of reflection (around mantle)
Scrolls
 f - a scroll of remove curse
 g - a scroll of enchant weapon
 i - 2 scrolls of identify
 j - a scroll of teleportation {unknown}
Potions
 c - a potion of curing {unknown}
 k - a potion of poison {unknown}
 n - 2 potions of lignification {unknown}
 o - a potion of haste {unknown}
Books
 b - a book of Changes

   Spells                             Type                      Level
   a - Beastly Appendage              Transmutation                1
   b - Sticks to Snakes               Transmutation                2
   c - Spider Form                    Transmutation/Poison         3
   d - Ice Form                       Ice/Transmutation            4
   e - Blade Hands                    Transmutation                5
 p - a book of Summonings

   Spells                             Type                      Level
   a - Recall                         Summoning/Translocation      3
   b - Aura of Abjuration             Summoning                    5
   c - Shadow Creatures               Summoning                    5
   d - Summon Demon                   Summoning                    5
   e - Summon Forest                  Summoning/Translocation      5
   f - Summon Mana Viper              Hexes/Summoning              5
Comestibles
 d - 2 beef jerkies
 h - a meat ration
 l - 2 bread rations
 m - a slice of pizza


   Skills:
 + Level 2.8 Fighting
 - Level 2.0 Dodging
 + Level 4.1 Unarmed Combat
 - Level 2.0 Spellcasting
 - Level 3.3 Transmutations
 + Level 0.2 Ice Magic


You had 3 spell levels left.
You knew the following spells:

 Your Spells              Type           Power        Failure   Level  Hunger
a - Beastly Appendage     Trmt           ##....       6%          1    #......
b - Ice Form              Ice/Trmt       #.......     89%         4    #####..


Dungeon Overview and Level Annotations

Branches:
Dungeon (4/15)
 Temple: D:4-7

Altars:
Ru
Trog
The Shining One

Annotations:
D:4 root's ghost, amateur HOAK


Innate Abilities, Weirdness & Mutations

You cannot wear most types of armour.
You are amphibious.
You can wear up to eight rings at the same time.
You can use your tentacles to constrict eight enemies at once.
Your skin changes colour to match your surroundings (Stealth).
Your rubbery body absorbs attacks (AC +1).
One of your tentacles bears a large vicious spike.


Message History

You barely miss the adder.
The adder is heavily wounded.
You constrict the adder. The adder bites you.
The adder bites you but does no damage.
You tentacle-slap the adder. You squeeze the adder.
You kill the adder!
Root's ghost says regretfully, "I wish I had corrupted all of this!"
You tentacle-slap root's ghost.
Your tentacle spike misses root's ghost.
Root's ghost is lightly damaged.
Root's ghost hits you!
* * * LOW HITPOINT WARNING * * *
Read which item? (? for menu, Esc to quit)
Okay, then.
Unknown command.
Drink which item? (? for menu, Esc to quit)
Okay, then.
Root's ghost barely misses you. Root's ghost hits you!
You die...

#.####..#
#....<...
##......%.#
.........#
.........#
#........#
#........#
#@.......#
#.W......#
#........#
##########


You could see root's ghost.

Vanquished Creatures
  A crimson imp (D:3)
  4 adders
  2 oozes
  A worm (D:2)
  2 giant geckos (D:2)
  An orc (D:3)
  A ball python (D:3)
  A bat (D:2)
  4 giant cockroaches (D:1)
  10 hobgoblins
  A giant newt (D:3)
  6 goblins
  8 kobolds
  A quokka (D:2)
  7 rats
50 creatures vanquished.

Notes
Turn   | Place    | Note
--------------------------------------------------------------
     0 | D:1      | JokEr the Octopode Transmuter began the quest for the Orb.
     0 | D:1      | Reached XP level 1. HP: 13/13 MP: 3/3
   326 | D:1      | Reached XP level 2. HP: 15/18 MP: 5/5
  1195 | D:2      | Reached XP level 3. HP: 21/24 MP: 4/6
  1726 | D:2      | Found a sacrificial altar of Ru.
  1960 | D:2      | Reached XP level 4. HP: 14/29 MP: 5/7
  2735 | D:3      | Reached skill level 4 in Unarmed Combat
  3002 | D:3      | Found a glowing golden altar of the Shining One.
  3007 | D:3      | Reached XP level 5. HP: 25/35 MP: 6/8
  3018 | D:3      | Learned a level 4 spell: Ice Form
  3196 | D:3      | Found a bloodstained altar of Trog.
  3278 | D:4      | Noticed root's ghost (amateur HOAK)
  3290 | D:4      | Slain by root's ghost

Vault maps used:
D:1:      sevenhm_arrival_forest_fort_small_6, minmay_misc_feat_roman
D:2:      lemuel_coloured_pillars_altar
D:3:      bloody_trog, first_bread, tso_altar
D:4:      dk_yredelemnul_ordeal

Action                   |  1- 3 |  4- 6 || total
-------------------------+-------+-------++-------
Melee: Unarmed           |    75 |    51 ||   126
 Cast: Beastly Appendage |     4 |     5 ||     9
  Use: Scroll            |     3 |     5 ||     8
 Stab: Sleeping          |     5 |     4 ||     9
  Eat: Bread ration      |     1 |       ||     1
       Chunk             |       |     3 ||     3
